Map: [ESL] Oceanborn

Players

LiquidElazer (Elazer)

  • Race: Zerg Zerg
  • League: Master
  • Spawn Location: 5:00

SKillous - Winner!

  • Race: Protoss Protoss
  • League: Grandmaster
  • Spawn Location: 11:00

Event: IEM Katowice 2024

VOD

Have the link to the VOD?

Description

Time

  • Played on: Dec. 8, 2023, 2:14 p.m.
  • Length: 9:23

All games in this series

Show
View Real Time Build Order
Export as new Build Order

LiquidElazer Zerg 

Build Orders: Hatch First 

Get SALT Encoding   

  12  0:00  Drone  
  13  0:12  Overlord  
  13  0:16  Drone  
  14  0:30  Drone x2  
  16  0:47  Hatchery  
  15  0:51  Drone  
  15  0:55  Drone  
  17  0:57  Drone  
  18  1:08  Extractor  
  17  1:13  Spawning Pool  
  17  1:16  Drone  
  17  1:20  Drone  
  18  1:28  Drone  
  19  1:38  Drone  
  20  1:49  Overlord  
  20  1:59  Queen x2  
  20  2:00  Zergling x2  
  20  2:01  Drone  
  26  2:10  Drone  
  26  2:11  Zergling x2  
  26  2:13  Metabolic Boost  
  28  2:21  Zergling x2  
  28  2:22  Drone  
  30  2:31  Drone x2  
  30  2:35  Queen  
  34  2:43  Drone, Overlord  
  35  2:53  Hatchery  
  35  2:57  Queen  
  36  3:06  Drone x4  
  36  3:11  Drone  
  41  3:14  Queen  
  41  3:18  Overlord  
  43  3:21  Drone  
  43  3:25  Overlord  
  44  3:33  Spore Crawler  
  43  3:36  Drone, Spore Crawler  
  43  3:37  Drone  
  43  3:40  Queen  
  46  3:43  Drone  
  44  3:49  Drone x3  
  44  3:54  Drone x2  
  46  3:56  Drone  
  46  3:57  Drone  
  46  4:00  Drone  
  49  4:05  Queen  
  49  4:07  Drone  
  52  4:10  Drone  
  52  4:12  Drone x2  
  52  4:15  Drone  
  56  4:18  Drone x2  
  56  4:20  Drone  
  58  4:26  Drone x4  
  58  4:29  Overlord  
  58  4:31  Drone  
  62  4:35  Drone  
  62  4:36  Drone  
  64  4:43  Drone  
  65  4:49  Drone x4, Roach Warren  
  68  4:55  Zergling x4  
  68  4:58  Overlord  
  68  4:59  Drone x3  
  73  5:05  Extractor  
  73  5:06  Extractor  
  71  5:07  Extractor, Lair  
  71  5:09  Overlord  
  71  5:11  Zergling x8, Spore Crawler  
  73  5:16  Overlord  
  73  5:17  Zergling x6  
  76  5:22  Overlord  
  76  5:24  Overlord  
  76  5:34  Roach x6  
  88  5:39  Roach  
  88  5:40  Overlord x2  
  90  5:46  Roach x2  
  93  5:50  Zergling x2  
  93  5:51  Zergling x4  
  93  5:55  Zergling x8  
  96  5:57  Ravager x2  
  96  6:00  Zergling x2  
  96  6:03  Queen  
  99  6:07  Zergling x8  
  102  6:12  Ravager x2  
  102  6:13  Zergling x2  
  102  6:14  Zergling x8  
  102  6:16  Queen  
  111  6:21  Overlord, Ravager  
  111  6:23  Ravager  
  111  6:24  Zergling x2  
  111  6:25  Zergling x2  
  115  6:29  Zergling x2  
  115  6:33  Zergling x6  
  115  6:34  Ravager  
  115  6:39  Ravager  
  104  6:55  Zergling x10  
  104  6:57  Zergling x8  
  104  7:04  Queen  
  95  7:17  Roach x7  
  95  7:22  Roach  
  111  7:26  Roach  
  113  7:31  Roach x2  
  114  7:37  Hatchery  
  114  7:39  Roach x9  
  122  7:48  Zergling x6  
  121  7:52  Ravager x4  
  121  7:56  Queen x2  
  121  7:58  Zergling x2  
  118  8:06  Zergling x14  
  120  8:15  Roach x4  
  120  8:19  Roach x3  
  127  8:28  Roach x5  
  120  8:34  Queen x2  
  120  8:41  Roach x5  
  125  8:46  Roach  
  114  8:52  Zergling x12  
  116  8:55  Ravager  
  116  8:58  Zergling x4  
  119  9:03  Zergling x10  
  119  9:06  Ravager  
Show
View Real Time Build Order
Export as new Build Order

SKillous Protoss - Winner!

Build Orders: 1 Gate Expand, Oracle Opening, Zealot Archon 

Get SALT Encoding   

  12  0:00  Probe  
  13  0:13  Pylon  
  13  0:17  Probe (Chrono Boost)  
  14  0:27  Probe (Chrono Boost)  
  15  0:32  Probe (Chrono Boost)  
  16  0:38  Gateway  
  16  0:43  Probe  
  16  0:47  Assimilator  
  17  0:55  Probe  
  18  1:08  Probe  
  19  1:20  Probe  
  20  1:27  Nexus  
  20  1:36  Cybernetics Core  
  20  1:38  Probe  
  21  1:45  Assimilator  
  21  1:50  Probe  
  22  1:54  Pylon  
  22  2:03  Probe  
  23  2:09  Adept (Chrono Boost)  
  23  2:15  Probe  
  26  2:19  Stargate  
  26  2:27  Warp Gate, Probe (Chrono Boost)  
  27  2:32  Adept  
  29  2:38  Probe (Chrono Boost)  
  31  2:45  Probe (Chrono Boost)  
  31  2:48  Probe (Chrono Boost)  
  33  2:52  Probe (Chrono Boost)  
  33  2:53  Probe (Chrono Boost)  
  34  2:59  Oracle (Chrono Boost)  
  34  3:02  Zealot  
  34  3:03  Probe  
  34  3:05  Probe  
  41  3:07  Pylon  
  41  3:15  Probe  
  41  3:17  Probe  
  41  3:19  Gateway  
  43  3:26  Oracle (Chrono Boost)  
  43  3:27  Probe  
  43  3:29  Probe  
  48  3:39  Probe  
  49  3:41  Probe, Pylon  
  50  3:51  Probe  
  50  3:54  Nexus  
  50  3:55  Probe  
  48  3:57  Oracle (Chrono Boost)  
  51  4:04  Probe  
  51  4:07  Probe  
  51  4:09  Assimilator  
  53  4:11  Assimilator  
  53  4:12  Pylon  
  53  4:16  Adept  
  55  4:18  Adept  
  57  4:26  Probe x2  
  59  4:32  Twilight Council, Forge  
  59  4:38  Probe (Chrono Boost)  
  61  4:43  Probe (Chrono Boost)  
  61  4:49  Gateway, Probe (Chrono Boost)  
  61  4:51  Gateway, Probe (Chrono Boost)  
  63  4:58  Probe x2 (Chrono Boost)  
  65  5:00  Charge (Chrono Boost)  
  67  5:07  Gateway x2, Protoss Ground Weapons Level 1 (Chrono Boost), Probe (Chrono Boost)  
  67  5:08  Probe (Chrono Boost)  
  67  5:10  Probe (Chrono Boost)  
  68  5:17  Probe (Chrono Boost)  
  68  5:19  Probe x2 (Chrono Boost)  
  71  5:23  Probe  
  71  5:25  Pylon  
  72  5:28  Templar Archives, Probe  
  72  5:29  Probe  
  72  5:32  Stalker  
  72  5:35  Stalker, Probe  
  77  5:38  Assimilator  
  77  5:40  Assimilator, Probe  
  80  5:45  Probe  
  80  5:47  Probe  
  80  5:48  Pylon  
  78  5:52  Probe  
  78  5:56  Shield Battery  
  77  5:57  Probe  
  77  5:59  Pylon  
  77  6:00  Stalker  
  81  6:06  High Templar x2  
  81  6:11  Archon, Shield Battery  
  84  6:12  Shield Battery  
  84  6:13  Zealot x3  
  84  6:15  Shield Battery  
  84  6:16  Pylon  
  84  6:17  Pylon  
  90  6:20  Shield Battery  
  90  6:23  Zealot  
  92  6:29  Gateway  
  92  6:33  Gateway, High Templar  
  92  6:34  High Templar, Zealot  
  92  6:37  Oracle  
  92  6:38  Archon  
  92  6:39  Zealot x2  
  105  6:46  Zealot  
  97  6:54  Zealot  
  97  7:00  Gateway  
  91  7:01  Zealot  
  91  7:02  Zealot, Gateway  
  91  7:04  Pylon  
  91  7:06  Protoss Ground Weapons Level 2 (Chrono Boost)  
  91  7:07  Zealot x3  
  99  7:11  Probe  
  99  7:14  Oracle  
  93  7:18  High Templar  
  93  7:19  High Templar  
  95  7:25  High Templar x2  
  95  7:27  Archon  
  95  7:28  Zealot x4  
  107  7:31  Archon  
  107  7:34  Probe  
  107  7:35  Probe  
  109  7:38  Probe  
  104  7:50  Robotics Facility  
  100  7:52  Zealot x4  
  100  7:53  Zealot  
  100  7:56  Nexus  
  110  8:09  Zealot x5  
  118  8:15  Pylon  
  118  8:19  Stalker x4  
  122  8:20  Stalker  
  120  8:30  Zealot x3  
  120  8:31  Zealot x2  
  118  8:37  Pylon  
  118  8:39  Immortal (Chrono Boost)  
  108  8:44  Zealot x3  
  116  8:51  Zealot x3  
  114  8:56  High Templar x4  
  114  8:58  Probe x2  
  124  9:03  Archon  
  124  9:04  Archon, Shield Battery  
  124  9:07  High Templar x2  
  127  9:12  Archon  
  127  9:14  Zealot x4  

Tags
 
Add a new tag
Caveats
  • Supply blocks, unpowered buildings, or Contaminate may cause inaccurate times.
  • Supply counts are checked every 10 seconds.